Cogmind - Beta 13 @@@ ROGUE MODE // 2024.03.31 @ 14:18:45 Player: captainketchup Result: Destroyed by Enhanced Hunter with Hypervelocity Linear Accelerator Performance ------------- Evolutions (9) 4500 Regions Visited (25) 5000 Robots Destroyed (92) 460 Value Destroyed (2219) 2219 Prototype IDs (41) 820 Alien Tech Used (8) 1600 Bonus (6876) 6876 TOTAL SCORE: 21475 Bonus ------- High Alert Combat Kills 138 Follower Combat Kills 138 Met Zhirov 300 Met Warlord at Base 500 MAIN.C Attacked Warlord 500 Met MAIN.C 5000 Met Architect 300 Cogmind --------- Core Integrity 0/1600 Matter 202/300 Energy 100/100 System Corruption 4% Temperature Cool (0) Movement Flying (40) Location -1/Access_0 Parts ------- > --- POWER (4) -------- (None) > --- PROPULSION (10) -- Cooled Field Propulsion Drive > --- UTILITY (9) ------ ECM Suite > --- WEAPON (2) ------- (None) > --- INVENTORY (5) ---- (None) Peak State ------------ > --- POWER ------------ Fusion Reactor Light Particle Reactor Compact Particle Reactor > --- PROPULSION ------- Cooled VTOL Module Nuclear Pulse Thruster Cooled Nuclear Pulse Thruster Cooled Nuclear Pulse Thruster Cooled Nuclear Pulse Thruster Impulse Thruster Field Propulsion Array Q-thruster Improved Q-thruster > --- UTILITY ---------- Advanced Power Amplifier Coolant Network Advanced Weight Redist. System Long-range Terrain Scanner Advanced Transmission Jammer Advanced Reaction Control System Improved Phase Shifter Phase Redirector > --- WEAPON ----------- Core Cannon > --- INVENTORY -------- Improved Fusion Compressor Transdimensional Reconstructor Subatomic Replicator Sigix Broadsword [Rating: 198] Favorites ----------- Power Micro Antimatter Reactor Engine Cooled Ion Engine Power Core Light Fission Core Reactor Micro Antimatter Reactor Propulsion Cooled Nuclear Pulse Thruster Leg Aluminum Leg Flight Unit Cooled Nuclear Pulse Thruster Utility Improved Signal Interpreter Device Advanced Weight Redist. System Storage Medium Storage Unit Processor Improved Signal Interpreter Hackware System Shield Protection Improved Propulsion Shielding Artifact Phase Redirector Weapon Advanced Beam Cannon Energy Gun Heavy Wave Gun Energy Cannon Advanced Beam Cannon Ballistic Gun Hypervelocity Gauss Rifle Launcher Mini Grenade Launcher Special Weapon Remote Datajack Impact Weapon Heavy Hammer Slashing Weapon Sigix Broadsword Piercing Weapon Lance Build | -11 -10 -9 -9 -8 -7 -7 -6 -5 -5 -5 -5 -5 -5 -4 -4 -4 -4 -4 -3 -3 -3 -2 -1 -1 -1 ------- Run | Yrd Mat Mat Min Mat Fac Sto Fac Fac Was Fac Upp Upp Zhi Pro Fac Upp Upp War Pro Res Qua Res Acc Com Ac0 Slots Evolved 18 | . . 2 . 2 2 . 2 2 . . . . . . 2 . . . . 2 . 2 2 . . Power 3 | . . . . . . . 1 . . . . . . . . . . . . . . 1 1 . . Propulsion 8 | . . 1 . 1 . . 1 1 . . . . . . 1 . . . . 1 . 1 1 . . Utility 7 | . . 1 . 1 2 . . 1 . . . . . . 1 . . . . 1 . . . . . Weapon . | . . . . . . . . . . . . . . . . . . . . . . . . . . Parts Attached 184 | 7 3 22 1 10 12 12 6 2 14 4 2 9 6 2 20 1 . 6 . 6 11 9 16 3 . Power 33 | 2 . 3 . . 1 3 1 . 4 1 1 1 2 . 7 1 . . . 2 2 1 . 1 . Engine 10 | 2 . 3 . . . 1 1 . 3 . . . . . . . . . . . . . . . . Core 9 | . . . . . 1 2 . . . . 1 . 1 . 3 . . . . . . . . 1 . Reactor 14 | . . . . . . . . . 1 1 . 1 1 . 4 1 . . . 2 2 1 . . . Propulsion 48 | 2 . 9 1 4 1 4 . . 3 . . 4 3 1 2 . . . . 4 2 1 7 . . Treads . | . . . . . . . . . . . . . . . . . . . . . . . . . . Leg 11 | 2 . 8 1 . . . . . . . . . . . . . . . . . . . . . . Wheel . | . . . . . . . . . . . . . . . . . . . . . . . . . . Hover . | . . . . . . . . . . . . . . . . . . . . . . . . . . Flight 37 | . . 1 . 4 1 4 . . 3 . . 4 3 1 2 . . . . 4 2 1 7 . . Utility 57 | 1 2 3 . 2 6 1 3 1 4 1 . 3 1 . 10 . . 2 . . 5 5 7 . . Device 35 | 1 . 1 . 1 1 . 2 . 2 . . 3 . . 8 . . 2 . . 3 5 6 . . Storage 2 | . 2 . . . . . . . . . . . . . . . . . . . . . . . . Processor 5 | . . 1 . . 2 . 1 . . . . . . . 1 . . . . . . . . . . Hackware 1 | . . . . . 1 . . . . . . . . . . . . . . . . . . . . Protection 11 | . . 1 . 1 2 1 . 1 2 1 . . 1 . 1 . . . . . . . . . . Artifact 3 | . . . . . . . . . . . . . . . . . . . . . 2 . 1 . . Weapon 46 | 2 1 7 . 4 4 4 2 1 3 2 1 1 . 1 1 . . 4 . . 2 2 2 2 . Energy Gun 10 | 2 . 1 . 1 1 1 . . . . . . . . 1 . . 3 . . . . . . . Energy Cannon 11 | . 1 2 . 3 . . . . . . . . . . . . . 1 . . 1 . 1 2 . Ballistic Gun 10 | . . 3 . . . . . . 3 2 . 1 . 1 . . . . . . . . . . . Ballistic Cannon . | . . . . . . . . . . . . . . . . . . . . . . . . . . Launcher 8 | . . 1 . . 1 2 2 . . . 1 . . . . . . . . . . 1 . . . Special Weapon 2 | . . . . . 2 . . . . . . . . . . . . . . . . . . . . Impact Weapon 1 | . . . . . . 1 . . . . . . . . . . . . . . . . . . . Slashing Weapon 3 | . . . . . . . . . . . . . . . . . . . . . 1 1 1 . . Piercing Weapon 1 | . . . . . . . . 1 . . . . . . . . . . . . . . . . . Special Melee Weapon . | . . . . . . . . . . . . . . . . . . . . . . . . . . Unidentified Prototypes 38 | . . 6 . 1 . 4 . . . 1 . . 4 . 1 . . 3 . . 8 5 4 1 . Parts Lost 57 | . . 3 . 2 1 . 1 . 3 . 3 9 . 2 3 . . . . 6 . . 7 9 8 Power 6 | . . . . . . . . . . . 1 1 . . . . . . . . . . . 3 1 Propulsion 19 | . . 2 . . 1 . . . 1 . . 3 . 1 . . . . . 2 . . 2 3 4 Utility 26 | . . 1 . 1 . . 1 . 2 . 2 4 . 1 1 . . . . 4 . . 4 3 2 Weapon 6 | . . . . 1 . . . . . . . 1 . . 2 . . . . . . . 1 . 1 Highest Loss Streak 14 | . . 1 . 2 1 . 1 . 2 . 2 6 . 2 1 . . . . 6 . . 3 10 14 To Critical Strikes . | . . . . . . . . . . . . . . . . . . . . . . . . . . Average Slot Usage (%) 88 | . 98 97 100 95 94 96 90 70 78 94 87 66 79 82 88 89 89 91 94 84 77 82 78 67 28 Engine 5 | . 14 10 11 9 3 . 6 4 4 5 1 . . . . . . . . . . . . . . Core 1 | . . . . . 3 6 6 5 . . 3 5 5 5 5 . . . . . . . . 2 . Reactor 3 | . . . . . . . . . 1 5 5 5 5 5 4 9 10 10 10 9 9 11 12 8 . Leg 10 | . 28 31 33 2 . . . . . . . . . . . . . . . . . . . . . Flight 19 | . . . . 32 30 27 26 23 25 29 29 23 35 35 33 31 31 31 31 28 33 33 35 32 13 Device 13 | . 14 8 . 5 14 15 16 11 10 11 6 13 17 14 21 21 21 21 21 17 15 23 25 23 11 Storage 3 | . 12 11 11 1 . . . . . . . . . . . . . . . . . . . . . Processor 6 | . . 9 11 9 9 7 6 5 5 5 5 5 5 5 5 10 10 10 10 9 9 4 . . . Hackware 1 | . . . . . . 7 6 5 5 5 5 . . . . . . . . . . . . . . Protection 6 | . . 3 11 16 15 15 8 5 10 17 14 3 2 5 9 10 10 10 10 8 . . . . . Energy Gun 3 | . 16 3 . 6 7 7 . . . . . . . . . 5 5 7 10 9 2 . . . . Energy Cannon 4 | . 11 11 11 10 1 . . . . . . . . . . . . . . . . . 2 . 3 Ballistic Gun 2 | . . 5 . . . . . . 4 5 . . . 2 4 . . . . . . . . . . Launcher 1 | . . 1 11 1 3 7 4 . . . 4 1 . . . . . . . . . . . . . Piercing Weapon 1 | . . . . . . . . . 5 5 5 5 5 5 1 . . . . . . . . . . Naked Turns . | . . . . . . . . . . . . . . . . . . . . . . . . . . Heaviest Build 76 | 9 21 31 28 28 20 21 29 21 30 30 36 34 22 27 51 50 50 52 52 52 54 71 76 52 31 Greatest Support 88 | 20 20 33 36 36 24 30 30 21 37 37 37 46 34 34 52 52 52 52 52 62 62 82 88 87 56 Greatest Overweight (x) 4 | . 1 1 . 4 . 1 . . . . . 1 . . . . . . . 1 . . 1 . . Average Overweight (x) . | . . . . . . . . . . . . . . . . . . . . . . . . . . Largest Inventory Capacity 10 | 5 10 10 10 10 5 5 5 5 5 5 5 5 5 5 5 5 5 5 5 5 5 5 5 5 5 Average Capacity 6 | 5 7 10 10 5 5 5 5 5 5 5 5 5 5 5 5 5 5 5 5 5 5 5 5 5 5 Most Carried 10 | 4 4 10 10 10 5 5 5 5 5 5 5 4 5 5 5 5 5 5 5 5 5 5 5 5 . Average Carried 5 | 1 3 7 9 5 3 4 4 4 4 4 4 2 3 4 4 4 5 5 5 4 4 5 4 3 . Final Capacity 10 | 5 10 10 10 5 5 5 5 5 5 5 5 5 5 5 5 5 5 5 5 5 5 5 5 5 5 Final Carried 10 | 2 2 10 10 5 5 4 5 4 5 5 4 2 5 5 5 5 5 5 5 5 5 5 5 . . Class Distribution -------------------- 59% | Sprinter 20% | Scavenger-Mutant 14% | Mutant 5% | Generator-Sprinter Dominant Class ---------------- Mutant | -10/Materials Scavenger-Mutant | -9/Materials Scavenger-Mutant | -9/Mines Sprinter | -8/Materials Sprinter | -7/Factory Sprinter | -7/Storage Sprinter | -6/Factory Sprinter | -5/Factory Sprinter | -5/Waste Sprinter | -5/Factory Sprinter | -5/Upper Caves Sprinter | -5/Upper Caves Sprinter | -5/Zhirov Sprinter | -4/Proximity Caves Sprinter | -4/Factory Sprinter | -4/Upper Caves Sprinter | -4/Upper Caves Sprinter | -4/Warlord Sprinter | -3/Proximity Caves Sprinter | -3/Research Sprinter | -3/Quarantine Sprinter | -2/Research Generator-Sprinter | -1/Access Generator-Sprinter | -1/Command Sprinter | -1/Access_0 Resources | -11 -10 -9 -9 -8 -7 -7 -6 -5 -5 -5 -5 -5 -5 -4 -4 -4 -4 -4 -3 -3 -3 -2 -1 -1 -1 ----------- Run | Yrd Mat Mat Min Mat Fac Sto Fac Fac Was Fac Upp Upp Zhi Pro Fac Upp Upp War Pro Res Qua Res Acc Com Ac0 Matter Collected 2750 | 270 51 454 . . 98 75 223 92 360 . 95 155 . 30 226 281 . . . 5 21 78 230 . 6 Remotely . | . . . . . . . . . . . . . . . . . . . . . . . . . . Salvage Created 3713 | 44 58 1354 156 32 94 128 223 . 863 . 81 134 . 54 50 88 . . . . 21 78 255 . . Parts 195 | 3 8 97 8 2 9 3 5 . 19 . 13 2 . 6 3 2 . . . . 6 2 7 . . Haulers Intercepted 6 | . . 4 . . . 2 . . . . . . . . . . . . . . . . . . . Recyclers Shooed 2 | . . . . . . 2 . . . . . . . . . . . . . . . . . . . Parts Field Recycled . | . . . . . . . . . . . . . . . . . . . . . . . . . . Retrieved Matter . | . . . . . . . . . . . . . . . . . . . . . . . . . . Parts Self-Destructed 22 | . . . . . . . . . . . 11 5 . 4 . 2 . . . . . . . . . Prevented 8 | . . . . . . . . . . . 1 . . . . 7 . . . . . . . . . Kills | -11 -10 -9 -9 -8 -7 -7 -6 -5 -5 -5 -5 -5 -5 -4 -4 -4 -4 -4 -3 -3 -3 -2 -1 -1 -1 ------- Run | Yrd Mat Mat Min Mat Fac Sto Fac Fac Was Fac Upp Upp Zhi Pro Fac Upp Upp War Pro Res Qua Res Acc Com Ac0 Combat Hostiles Destroyed 61 | 1 3 34 5 . . . . . 3 . 8 1 . 2 . . . . . . . 1 3 . . Melee 3 | . . . . . . . . . . . . . . 2 . . . . . . . 1 . . . Guns 23 | 1 2 17 . . . . . . 3 . . . . . . . . . . . . . . . . Cannons 17 | . 1 11 2 . . . . . . . . . . . . . . . . . . . 3 . . AOE 16 | . . 4 3 . . . . . . . 8 1 . . . . . . . . . . . . . Classes Destroyed 12 | 1 2 4 . . 2 1 . . 1 . . . . . . 1 . . . . . . . . . Worker 12 | . . . . . 3 . 5 . . . . . . . . . . . . . 2 . 2 . . Builder 1 | . . 1 . . . . . . . . . . . . . . . . . . . . . . . Hauler 6 | . . 4 . . . 2 . . . . . . . . . . . . . . . . . . . Recycler 3 | . . . . . . 1 1 . . . . . . . . . . . . . . . 1 . . Operator 1 | . . . . . 1 . . . . . . . . . . . . . . . . . . . . Watcher 8 | . 1 5 . 1 . . . . . . . . . . 1 . . . . . . . . . . Swarmer 30 | . 3 14 . . . . . . . . 8 . . 2 . . . . . . . . 3 . . Grunt 20 | 1 . 12 5 . . . . . . . . 1 . . . . . . . . . 1 . . . Duelist 1 | . . 1 . . . . . . . . . . . . . . . . . . . . . . . Sentry 7 | . . 7 . . . . . . . . . . . . . . . . . . . . . . . Compactor 3 | . . . . . . . . . 3 . . . . . . . . . . . . . . . . Samaritan 2 | . . . . . . . . . . . . . . . . 2 . . . . . . . . . Best Kill Streak 8 | 1 3 8 3 1 2 2 3 . 1 . 4 1 . 2 1 . . . . . 2 1 3 . . Combat Bots Only 8 | 1 3 8 3 . . . . . 1 . 4 1 . 2 . . . . . . . 1 3 . . Max Kills in Single Turn 3 | 1 1 2 2 1 1 2 1 . 1 . 3 1 . 1 1 1 . . . . 1 1 3 . . Gunslinging . | . . . . . . . . . . . . . . . . . . . . . . . . . . Exploded 3 | . . 2 2 . . . . . . . 3 1 . . . . . . . . . . . . . Melee 1 | . . . . . . . . . . . . . . 1 . . . . . . . 1 . . . Uniques/NPCs Destroyed . | . . . . . . . . . . . . . . . . . . . . . . . . . . Combat | -11 -10 -9 -9 -8 -7 -7 -6 -5 -5 -5 -5 -5 -5 -4 -4 -4 -4 -4 -3 -3 -3 -2 -1 -1 -1 -------- Run | Yrd Mat Mat Min Mat Fac Sto Fac Fac Was Fac Upp Upp Zhi Pro Fac Upp Upp War Pro Res Qua Res Acc Com Ac0 Hostile Shots Fired 1055 | 9 14 143 10 36 32 68 50 . 2 8 24 81 . 29 107 14 20 8 4 14 8 23 199 39 113 Missed 552 | 3 2 31 1 17 21 47 33 . 1 6 10 49 . 13 63 11 8 5 1 7 7 8 129 18 61 Damage Taken 8877 | 66 93 1103 130 299 85 174 224 . 152 145 321 606 . 236 721 31 147 30 34 203 17 291 1446 749 1574 Core 2303 | 11 13 272 37 45 . 23 85 . 41 . 14 151 . 15 123 14 29 20 . . . 19 229 223 939 Absorbed by Shields 374 | . . . . . . . . . . . . . . . 166 31 67 33 35 42 . . . . . Redirected to Shielding 481 | . . . . 48 28 21 6 . 39 27 86 27 . 36 81 . 9 . . 73 . . . . . Regen/Repaired (Parts) 471 | . . . . . . . . . 110 44 . . . . . . . . . . 17 124 176 . . Core Remaining (%) 84 | 95 90 . 22 91 . 96 90 . . . . . . 77 . . . . 83 . 99 98 . . . Volleys Fired 238 | 7 9 88 11 6 21 9 . . 42 . 6 4 . 1 14 9 . . . . 8 . 3 . . Largest 2 | 2 2 2 1 2 2 2 . . 1 . 1 1 . 1 2 1 . . . . 2 . 1 . . Hottest 300 | 90 110 136 68 123 123 72 . . 33 . 43 43 . 33 121 88 . . . . 300 . 300 . . Shots Fired 354 | 14 18 164 11 12 29 10 . . 42 . 6 4 . 1 16 9 . . . . 15 . 3 . . Gun 233 | 14 9 95 . 6 19 8 . . 42 . . . . 1 16 9 . . . . 14 . . . . Cannon 100 | . 9 66 7 6 8 . . . . . . . . . . . . . . . 1 . 3 . . Launcher 19 | . . 3 4 . . 2 . . . . 6 4 . . . . . . . . . . . . . Special 2 | . . . . . 2 . . . . . . . . . . . . . . . . . . . . Kinetic 116 | . . 60 . . . . . . 42 . . . . 1 13 . . . . . . . . . . Thermal 217 | 14 18 101 7 12 27 8 . . . . . . . . 3 9 . . . . 15 . 3 . . Explosive 19 | . . 3 4 . . 2 . . . . 6 4 . . . . . . . . . . . . . Electromagnetic . | . . . . . . . . . . . . . . . . . . . . . . . . . . Robot Hit Streak 12 | 4 2 12 3 5 5 3 . . 5 . 1 1 . . 6 3 . . . . . . 1 . . Robot Miss Streak 5 | 3 2 5 1 2 4 2 . . 4 . 2 2 . 3 2 1 . . . . . . 1 . . Penetration Max 3 | . . . . . . . . . 1 . . . . . 1 . . . . . . . 3 . . Secondary Targets . | . . . . . . . . . . . . . . . . . . . . . . . . . . Shots Hit Robots 217 | 7 6 97 7 7 14 4 10 . 27 . 2 3 . 3 11 7 . . . . 2 6 4 . . Core Hits 127 | 2 4 51 8 3 5 4 2 . 7 . 10 9 . 2 8 4 . . . . 2 2 4 . . Critical Kills 8 | . . 2 . . . . . . 3 . . . . . 1 . . . . . . . 2 . . Critical Parts Destroyed 9 | . . . . . . . 2 . 2 . . . . . 3 . . . . . . . 2 . . Critical Strikes 29 | . . 2 . . 1 . 2 . 14 . . . . . 5 . . . . . . 1 4 . . Burn 2 | . . . . . 1 . . . . . . . . . 1 . . . . . . . . . . Meltdown 2 | . . 2 . . . . . . . . . . . . . . . . . . . . . . . Destroy 22 | . . . . . . . . . 14 . . . . . 4 . . . . . . . 4 . . Smash 2 | . . . . . . . 2 . . . . . . . . . . . . . . . . . . Sever 1 | . . . . . . . . . . . . . . . . . . . . . . 1 . . . Melee Attacks 43 | . . . . . . . 10 . 1 2 1 3 . 7 . . . . . . 5 7 7 . . Impact 10 | . . . . . . . 10 . . . . . . . . . . . . . . . . . . Slashing 19 | . . . . . . . . . . . . . . . . . . . . . 5 7 7 . . Piercing 14 | . . . . . . . . . 1 2 1 3 . 7 . . . . . . . . . . . Sneak Attacks 12 | . . . . . . . 7 . . . . . . . . . . . . . 2 . 3 . . Combat Hostiles . | . . . . . . . . . . . . . . . . . . . . . . . . . . Follow-up Attacks . | . . . . . . . . . . . . . . . . . . . . . . . . . . Damage Inflicted 8172 | 79 85 1965 445 141 253 208 686 . 280 . 877 592 . 145 133 198 . . . . 333 444 1308 . . Guns 2019 | 79 50 888 . 101 193 97 . . 280 . . . . . 133 198 . . . . . . . . . Cannons 1809 | . 35 771 103 40 60 . . . . . . . . . . . . . . . . . 800 . . Explosions 2048 | . . 293 334 . . 111 . . . . 877 433 . . . . . . . . . . . . . Melee 2275 | . . . . . . . 686 . . . . 159 . 145 . . . . . . 333 444 508 . . Ramming 21 | . . 13 8 . . . . . . . . . . . . . . . . . . . . . . Kinetic 853 | . . 495 . . . . . . 280 . . . . . 78 . . . . . . . . . . Thermal 2975 | 79 85 1164 103 141 253 97 . . . . . . . . 55 198 . . . . . . 800 . . Explosive 2048 | . . 293 334 . . 111 . . . . 877 433 . . . . . . . . . . . . . Electromagnetic . | . . . . . . . . . . . . . . . . . . . . . . . . . . Impact 686 | . . . . . . . 686 . . . . . . . . . . . . . . . . . . Slashing 1285 | . . . . . . . . . . . . . . . . . . . . . 333 444 508 . . Piercing 304 | . . . . . . . . . . . . 159 . 145 . . . . . . . . . . . Highest Corruption 4 | . . . . . . 3 . . . . . . . . . . . . . 1 1 . 1 3 4 Average Corruption 1 | . . . . . . 2 . . . . . . . . . . . . . 1 1 . 1 1 3 Corruption Purged . | . . . . . . . . . . . . . . . . . . . . . . . . . . Corruption Blocked 14 | . . . . . . . . . . . . . . . . . . . . . . 14 . . . Effects 13 | . . . . . . 3 . . . . . . . . . . . . . . 2 . 5 1 2 Message Errors 6 | . . . . . . 1 . . . . . . . . . . . . . . 1 . 4 . . Matter Fused 2 | . . . . . . 1 . . . . . . . . . . . . . . . . . . 1 Heat Flow Errors 1 | . . . . . . . . . . . . . . . . . . . . . . . 1 . . Energy Discharges 1 | . . . . . . . . . . . . . . . . . . . . . . . . 1 . Parts Rejected 2 | . . . . . . . . . . . . . . . . . . . . . 1 . . . 1 Data Loss (major) 1 | . . . . . . 1 . . . . . . . . . . . . . . . . . . . Overload Shots . | . . . . . . . . . . . . . . . . . . . . . . . . . . Overflow Damage 763 | . . 3 6 . . . 313 . . . 134 . . . . . . . . . . . 307 . . Projectiles 223 | . . 3 . . . . . . . . . . . . . . . . . . . . 220 . . Explosions 140 | . . . 6 . . . . . . . 134 . . . . . . . . . . . . . . Melee 400 | . . . . . . . 313 . . . . . . . . . . . . . . . 87 . . Knockbacks 6 | . . 1 . . . . 5 . . . . . . . . . . . . . . . . . . Impact 6 | . . 1 . . . . 5 . . . . . . . . . . . . . . . . . . Kinetic . | . . . . . . . . . . . . . . . . . . . . . . . . . . Secondary . | . . . . . . . . . . . . . . . . . . . . . . . . . . Self-Inflicted Damage 59 | . . . . . . . . . . . 59 . . . . . . . . . . . . . . Shots 1 | . . . . . . . . . . . 1 . . . . . . . . . . . . . . Rammed . | . . . . . . . . . . . . . . . . . . . . . . . . . . Targets Rammed 4 | . . 2 2 . . . . . . . . . . . . . . . . . . . . . . Kicked 4 | . . 2 2 . . . . . . . . . . . . . . . . . . . . . . Crushed . | . . . . . . . . . . . . . . . . . . . . . . . . . . Highest Temperature 452 | 246 144 410 170 452 56 1 1 . . . 6 29 . . 124 204 . . . 1 220 411 291 393 86 Average Temperature 119 | 126 66 109 70 243 26 1 1 . . . 4 9 . . 43 97 . . . 1 88 131 100 228 44 Received Heat Transfer 1463 | 36 . 219 72 180 30 69 72 . . 27 27 309 . . 230 8 . 4 . . . 72 9 63 36 Effects 17 | . . 8 . 9 . . . . . . . . . . . . . . . . . . . . . Shutdowns 2 | . . . . 2 . . . . . . . . . . . . . . . . . . . . . Energy Bleed 4 | . . 2 . 2 . . . . . . . . . . . . . . . . . . . . . Interference 8 | . . 4 . 4 . . . . . . . . . . . . . . . . . . . . . Matter Decay 1 | . . 1 . . . . . . . . . . . . . . . . . . . . . . . Damage (minor) 2 | . . 1 . 1 . . . . . . . . . . . . . . . . . . . . . Siege Activations . | . . . . . . . . . . . . . . . . . . . . . . . . . . Robots Corrupted . | . . . . . . . . . . . . . . . . . . . . . . . . . . Combat Hostiles . | . . . . . . . . . . . . . . . . . . . . . . . . . . Parts Fried 8 | . . . . . . . 8 . . . . . . . . . . . . . . . . . . Impact Corruptions 11 | . . . . . . . 11 . . . . . . . . . . . . . . . . . . Robots Melted 2 | . . 2 . . . . . . . . . . . . . . . . . . . . . . . Combat Hostiles 2 | . . 2 . . . . . . . . . . . . . . . . . . . . . . . Parts Melted 9 | . . 5 . . 2 . . . . . . . . . . 2 . . . . . . . . . Heat Transferred 4392 | 211 222 2368 185 259 555 185 . . . . . . . . 148 259 . . . . . . . . . Parts Sabotaged . | . . . . . . . . . . . . . . . . . . . . . . . . . . Parts Stolen . | . . . . . . . . . . . . . . . . . . . . . . . . . . Parts Stripped . | . . . . . . . . . . . . . . . . . . . . . . . . . . Power Chain Reactions . | . . . . . . . . . . . . . . . . . . . . . . . . . . Alert | -11 -10 -9 -9 -8 -7 -7 -6 -5 -5 -5 -5 -5 -5 -4 -4 -4 -4 -4 -3 -3 -3 -2 -1 -1 -1 ------- Run | Yrd Mat Mat Min Mat Fac Sto Fac Fac Was Fac Upp Upp Zhi Pro Fac Upp Upp War Pro Res Qua Res Acc Com Ac0 Peak Influence 834 | 20 111 627 420 163 237 290 250 137 52 271 . . . . 453 . . . . 20 329 468 834 545 . Initial 495 | . 13 5 244 163 62 107 138 122 47 . . . . . 50 . . . . 20 . 184 280 495 . Average 242 | 3 57 382 408 85 152 181 187 126 24 198 . . . . 194 . . . . 17 157 316 564 517 . Maximum Alert Level 3 | . . 2 2 . 1 1 1 . . 1 . . . . 2 . . . . . 1 2 3 2 . Low Security (%) 46 | 100 100 4 . 100 73 71 53 100 100 37 . . . . 55 . . . . 100 67 14 . . . Level 1 31 | . . 55 16 . 26 28 46 . . 62 . . . . 29 . . . . . 32 56 28 . . Level 2 20 | . . 40 83 . . . . . . . . . . . 15 . . . . . . 29 41 100 . Level 3 1 | . . . . . . . . . . . . . . . . . . . . . . . 29 . . Level 4 . | . . . . . . . . . . . . . . . . . . . . . . . . . . Level 5 . | . . . . . . . . . . . . . . . . . . . . . . . . . . High Security . | . . . . . . . . . . . . . . . . . . . . . . . . . . Max Security . | . . . . . . . . . . . . . . . . . . . . . . . . . . Squads Dispatched 26 | . 1 6 . 1 1 2 3 . . . . . . . 5 . . . . . 1 2 4 . . Investigation 4 | . . 2 . 1 . . . . . . . . . . 1 . . . . . . . . . . Extermination . | . . . . . . . . . . . . . . . . . . . . . . . . . . Reinforcement 13 | . 1 3 . . 1 . 1 . . . . . . . 2 . . . . . 1 2 2 . . Assault 3 | . . 1 . . . 2 . . . . . . . . . . . . . . . . . . . Garrison 6 | . . . . . . . 2 . . . . . . . 2 . . . . . . . 2 . . Intercept . | . . . . . . . . . . . . . . . . . . . . . . . . . . Searches Triggered 2 | . . . . . . . . . . . . . . . 1 . . . . . . . 1 . . Construction Impeded 1 | . . . . . . . . . . . . . . . 1 . . . . . . . . . . Haulers Reinforced . | . . . . . . . . . . . . . . . . . . . . . . . . . . Active Scanning Responses . | . . . . . . . . . . . . . . . . . . . . . . . . . . Cargo Convoy Interrupts . | . . . . . . . . . . . . . . . . . . . . . . . . . . Stealth | -11 -10 -9 -9 -8 -7 -7 -6 -5 -5 -5 -5 -5 -5 -4 -4 -4 -4 -4 -3 -3 -3 -2 -1 -1 -1 --------- Run | Yrd Mat Mat Min Mat Fac Sto Fac Fac Was Fac Upp Upp Zhi Pro Fac Upp Upp War Pro Res Qua Res Acc Com Ac0 Distress Signals 21 | . . 6 . 4 1 1 . . . 2 . . . . 1 . . . . 1 1 1 2 1 . Communications Jammed 25 | . . . . . . . . . . . . . . . 6 . . . . . . 2 12 5 . Distress Signals 25 | . . . . . . . . . . . . . . . 6 . . . . . . 2 12 5 . Times Spotted 352 | 1 4 55 3 22 9 13 7 1 12 8 16 22 . 6 34 6 8 5 3 6 13 16 48 24 10 Peak Tracking Total 18 | 1 3 10 2 18 6 11 4 1 6 3 6 12 . 4 15 4 8 4 2 6 7 6 11 13 10 Tactical Retreats 53 | . . . . 2 2 4 2 . 4 . 4 6 . 1 9 2 . 1 1 . 2 4 7 2 . Traps | -11 -10 -9 -9 -8 -7 -7 -6 -5 -5 -5 -5 -5 -5 -4 -4 -4 -4 -4 -3 -3 -3 -2 -1 -1 -1 ------- Run | Yrd Mat Mat Min Mat Fac Sto Fac Fac Was Fac Upp Upp Zhi Pro Fac Upp Upp War Pro Res Qua Res Acc Com Ac0 Traps Triggered 12 | . . 2 . . . 2 2 1 . 1 . . . . 1 . . . . 1 . . 2 . . Indirectly . | . . . . . . . . . . . . . . . . . . . . . . . . . . Trap Hack Attempts . | . . . . . . . . . . . . . . . . . . . . . . . . . . Triggered . | . . . . . . . . . . . . . . . . . . . . . . . . . . Disarmed . | . . . . . . . . . . . . . . . . . . . . . . . . . . Reprogrammed . | . . . . . . . . . . . . . . . . . . . . . . . . . . Reused . | . . . . . . . . . . . . . . . . . . . . . . . . . . Traps Extracted . | . . . . . . . . . . . . . . . . . . . . . . . . . . Installed . | . . . . . . . . . . . . . . . . . . . . . . . . . . Triggered 12 | . . . . . . . . . . . 3 . . . . 1 . 8 . . . . . . . Machines | -11 -10 -9 -9 -8 -7 -7 -6 -5 -5 -5 -5 -5 -5 -4 -4 -4 -4 -4 -3 -3 -3 -2 -1 -1 -1 ---------- Run | Yrd Mat Mat Min Mat Fac Sto Fac Fac Was Fac Upp Upp Zhi Pro Fac Upp Upp War Pro Res Qua Res Acc Com Ac0 Machines Disabled 15 | . . 1 . . 2 . . . . 3 . . . . . . . . . . 7 . 2 . . Max in Single Turn 2 | . . 1 . . 1 . . . . . . . . . . . . . . . 2 . 1 . . Machines Repaired . | . . . . . . . . . . . . . . . . . . . . . . . . . . Machines Dismantled . | . . . . . . . . . . . . . . . . . . . . . . . . . . Machines Sabotaged . | . . . . . . . . . . . . . . . . . . . . . . . . . . Overloaded Fab Kills . | . . . . . . . . . . . . . . . . . . . . . . . . . . Hacking | -11 -10 -9 -9 -8 -7 -7 -6 -5 -5 -5 -5 -5 -5 -4 -4 -4 -4 -4 -3 -3 -3 -2 -1 -1 -1 --------- Run | Yrd Mat Mat Min Mat Fac Sto Fac Fac Was Fac Upp Upp Zhi Pro Fac Upp Upp War Pro Res Qua Res Acc Com Ac0 Machines Accessed 51 | . 2 2 . 1 . 4 6 . . 6 . 1 9 . 4 . . 7 . 1 1 1 4 2 . Terminals 31 | . 1 2 . 1 . 4 5 . . 6 . 1 . . 3 . . . . 1 1 1 3 2 . Fabricators 1 | . . . . . . . 1 . . . . . . . . . . . . . . . . . . Repair Stations . | . . . . . . . . . . . . . . . . . . . . . . . . . . Recycling Units 2 | . 1 . . . . . . . . . . . . . . . . . . . . . 1 . . Scanalyzers 1 | . . . . . . . . . . . . . . . 1 . . . . . . . . . . Garrison Access . | . . . . . . . . . . . . . . . . . . . . . . . . . . Total Hacks 136 | . 6 9 . 3 . 8 14 . . 9 . 1 48 . 11 . . 17 . 1 2 1 4 2 . Successful 99 | . 2 4 . 3 . 2 5 . . 4 . 1 48 . 8 . . 17 . 1 1 1 1 1 . Failed 37 | . 4 5 . . . 6 9 . . 5 . . . . 3 . . . . . 1 . 3 1 . Catastrophic 7 | . 1 . . . . 1 2 . . 1 . . . . . . . . . . . . 2 . . Database Lockouts . | . . . . . . . . . . . . . . . . . . . . . . . . . . Manual 5 | . . 1 . . . . . . . . . . . . . . . 1 . 1 . . 1 1 . Terminals 61 | . 5 9 . 3 . 8 12 . . 9 . 1 . . 5 . . . . 1 2 1 3 2 . Fabricators 2 | . . . . . . . 2 . . . . . . . . . . . . . . . . . . Repair Stations . | . . . . . . . . . . . . . . . . . . . . . . . . . . Recycling Units 2 | . 1 . . . . . . . . . . . . . . . . . . . . . 1 . . Scanalyzers 6 | . . . . . . . . . . . . . . . 6 . . . . . . . . . . Garrison Access . | . . . . . . . . . . . . . . . . . . . . . . . . . . Terminal Hacks 96 | . 2 4 . 3 . 2 5 . . 4 . 1 48 . 5 . . 17 . 1 1 1 1 1 . Record 66 | . . 2 . 2 . 1 . . . 2 . 1 36 . 4 . . 15 . . 1 1 1 . . Part Schematic 4 | . . . . . . . . . . . . . 4 . . . . . . . . . . . . Robot Analysis 4 | . . . . . . . . . . . . . 4 . . . . . . . . . . . . Prototype ID Bank 4 | . . . . . . . . . . . . . 4 . . . . . . . . . . . . Open Door 5 | . . . . . . 1 . . . . . . . . . . . 2 . 1 . . . 1 . Open DSF 3 | . . . . . . . 1 . . 1 . . . . 1 . . . . . . . . . . Branch Access Points 1 | . . 1 . . . . . . . . . . . . . . . . . . . . . . . Emergency Access Points 1 | . 1 . . . . . . . . . . . . . . . . . . . . . . . . Unreport Threat 1 | . . . . 1 . . . . . . . . . . . . . . . . . . . . . Locate Traps 1 | . . 1 . . . . . . . . . . . . . . . . . . . . . . . Recall Investigation 1 | . . . . . . . 1 . . . . . . . . . . . . . . . . . . Hauler Manifests 1 | . . . . . . . 1 . . . . . . . . . . . . . . . . . . Zone Layout 4 | . 1 . . . . . 2 . . 1 . . . . . . . . . . . . . . . Fabricator Hacks . | . . . . . . . . . . . . . . . . . . . . . . . . . . Repair Station Hacks . | . . . . . . . . . . . . . . . . . . . . . . . . . . Recycling Unit Hacks . | . . . . . . . . . . . . . . . . . . . . . . . . . . Scanalyzer 3 | . . . . . . . . . . . . . . . 3 . . . . . . . . . . Insert Component 3 | . . . . . . . . . . . . . . . 3 . . . . . . . . . . Garrison Access Hacks . | . . . . . . . . . . . . . . . . . . . . . . . . . . Unauthorized Hacks . | . . . . . . . . . . . . . . . . . . . . . . . . . . Terminals . | . . . . . . . . . . . . . . . . . . . . . . . . . . Fabricators . | . . . . . . . . . . . . . . . . . . . . . . . . . . Repair Stations . | . . . . . . . . . . . . . . . . . . . . . . . . . . Recycling Units . | . . . . . . . . . . . . . . . . . . . . . . . . . . Scanalyzers . | . . . . . . . . . . . . . . . . . . . . . . . . . . Garrison Access . | . . . . . . . . . . . . . . . . . . . . . . . . . . Data Cores Recovered 1 | . . . . . . . . . . 1 . . . . . . . . . . . . . . . Used . | . . . . . . . . . . . . . . . . . . . . . . . . . . Hacking Detections 25 | . . 2 . 1 . 3 4 . . 4 . . . . 4 . . . . . 1 1 4 1 . Full Trace Events 2 | . . . . 1 . . . . . . . . . . 1 . . . . . . . . . . Feedback Events . | . . . . . . . . . . . . . . . . . . . . . . . . . . Feedback Blocked . | . . . . . . . . . . . . . . . . . . . . . . . . . . Robot Schematics Acquired . | . . . . . . . . . . . . . . . . . . . . . . . . . . Robots Built . | . . . . . . . . . . . . . . . . . . . . . . . . . . Authchips . | . . . . . . . . . . . . . . . . . . . . . . . . . . Time . | . . . . . . . . . . . . . . . . . . . . . . . . . . Total Robot Build Rating . | . . . . . . . . . . . . . . . . . . . . . . . . . . Part Schematics Acquired 4 | . . . . . . . . . . . . . 4 . . . . . . . . . . . . Parts Built . | . . . . . . . . . . . . . . . . . . . . . . . . . . Authchips . | . . . . . . . . . . . . . . . . . . . . . . . . . . Time . | . . . . . . . . . . . . . . . . . . . . . . . . . . Total Part Build Rating . | . . . . . . . . . . . . . . . . . . . . . . . . . . Parts Repaired . | . . . . . . . . . . . . . . . . . . . . . . . . . . Time . | . . . . . . . . . . . . . . . . . . . . . . . . . . Parts Recycled . | . . . . . . . . . . . . . . . . . . . . . . . . . . Recycled Matter . | . . . . . . . . . . . . . . . . . . . . . . . . . . Retrieved Matter . | . . . . . . . . . . . . . . . . . . . . . . . . . . Retrieved Components . | . . . . . . . . . . . . . . . . . . . . . . . . . . Parts Scanalyzed . | . . . . . . . . . . . . . . . . . . . . . . . . . . Part Schematics Acquired . | . . . . . . . . . . . . . . . . . . . . . . . . . . Parts Damaged . | . . . . . . . . . . . . . . . . . . . . . . . . . . Bothacking | -11 -10 -9 -9 -8 -7 -7 -6 -5 -5 -5 -5 -5 -5 -4 -4 -4 -4 -4 -3 -3 -3 -2 -1 -1 -1 ------------ Run | Yrd Mat Mat Min Mat Fac Sto Fac Fac Was Fac Upp Upp Zhi Pro Fac Upp Upp War Pro Res Qua Res Acc Com Ac0 Used RIF Installer . | . . . . . . . . . . . . . . . . . . . . . . . . . . Robots Hacked 1 | . . . . . 1 . . . . . . . . . . . . . . . . . . . . Non-combat . | . . . . . . . . . . . . . . . . . . . . . . . . . . Combat 1 | . . . . . 1 . . . . . . . . . . . . . . . . . . . . Robot Hacks Applied 1 | . . . . . 1 . . . . . . . . . . . . . . . . . . . . parse_system 1 | . . . . . 1 . . . . . . . . . . . . . . . . . . . . Relay Couplers Released . | . . . . . . . . . . . . . . . . . . . . . . . . . . Fabnet Peak Effective % . | . . . . . . . . . . . . . . . . . . . . . . . . . . Robots Rewired . | . . . . . . . . . . . . . . . . . . . . . . . . . . Allies Hacked . | . . . . . . . . . . . . . . . . . . . . . . . . . . Hacks Repelled . | . . . . . . . . . . . . . . . . . . . . . . . . . . Allies | -11 -10 -9 -9 -8 -7 -7 -6 -5 -5 -5 -5 -5 -5 -4 -4 -4 -4 -4 -3 -3 -3 -2 -1 -1 -1 -------- Run | Yrd Mat Mat Min Mat Fac Sto Fac Fac Was Fac Upp Upp Zhi Pro Fac Upp Upp War Pro Res Qua Res Acc Com Ac0 Total Allies 22 | . . . . . . 2 . . 20 . . . . . . . . . . . . . . . . Largest Group 19 | . . . . . . 2 . . 19 11 . . . . . . . . . . . . . . . Highest-Rated Group 684 | . . . . . . 62 . . 684 411 . . . . . . . . . . . . . . . Highest-Rated Ally 50 | . . . . . . 31 . . 50 50 . . . . . . . . . . . . . . . Total Orders . | . . . . . . . . . . . . . . . . . . . . . . . . . . Ally Attacks 112 | . . . . . . 7 . . 54 51 . . . . . . . . . . . . . . . Total Damage 3342 | . . . . . . 147 . . 1886 1309 . . . . . . . . . . . . . . . Kills 11 | . . . . . . . . . 5 6 . . . . . . . . . . . . . . . Allies Corrupted . | . . . . . . . . . . . . . . . . . . . . . . . . . . Allies Melted . | . . . . . . . . . . . . . . . . . . . . . . . . . . Intel | -11 -10 -9 -9 -8 -7 -7 -6 -5 -5 -5 -5 -5 -5 -4 -4 -4 -4 -4 -3 -3 -3 -2 -1 -1 -1 ------- Run | Yrd Mat Mat Min Mat Fac Sto Fac Fac Was Fac Upp Upp Zhi Pro Fac Upp Upp War Pro Res Qua Res Acc Com Ac0 Robot Analysis Total 4 | . . . . . . . . . . . . . 4 . . . . . . . . . . . . Derelict Logs Recovered 5 | . . . . . . . . . . . 1 2 . 1 . 1 . . . . . . . . . Drone Launches . | . . . . . . . . . . . . . . . . . . . . . . . . . . Drone Recoveries . | . . . . . . . . . . . . . . . . . . . . . . . . . . Exploration | -11 -10 -9 -9 -8 -7 -7 -6 -5 -5 -5 -5 -5 -5 -4 -4 -4 -4 -4 -3 -3 -3 -2 -1 -1 -1 ------------- Run | Yrd Mat Mat Min Mat Fac Sto Fac Fac Was Fac Upp Upp Zhi Pro Fac Upp Upp War Pro Res Qua Res Acc Com Ac0 Turns Passed 6429 | 121 466 1379 252 171 278 150 260 82 431 304 159 266 80 101 276 149 84 356 63 86 247 219 296 50 103 Spaces Moved 16718 | 88 295 761 188 382 661 348 713 288 1173 1117 535 866 315 386 1113 652 420 1560 315 366 915 889 1686 321 365 Core 27 | 27 . . . . . . . . . . . . . . . . . . . . . . . . . Treads . | . . . . . . . . . . . . . . . . . . . . . . . . . . Legs 1309 | 61 295 761 188 4 . . . . . . . . . . . . . . . . . . . . . Wheels . | . . . . . . . . . . . . . . . . . . . . . . . . . . Hover . | . . . . . . . . . . . . . . . . . . . . . . . . . . Flight 15382 | . . . . 378 661 348 713 288 1173 1117 535 866 315 386 1113 652 420 1560 315 366 915 889 1686 321 365 Fastest Speed 5 | 50 120 120 120 31 31 27 27 27 25 26 26 20 20 20 17 20 20 20 20 19 19 6 5 5 5 Average Speed 30 | 98 146 129 120 33 31 30 27 27 26 26 26 27 20 20 18 20 20 20 20 20 20 16 13 13 27 Slowest Speed 380 | 120 190 190 120 380 31 109 27 27 28 26 26 97 27 20 20 20 20 20 20 95 21 21 87 22 40 Overloaded Moves 252 | . . . . . . . . . . . . 53 . . . . . . . . . 40 81 57 21 Propulsion Burnouts . | . . . . . . . . . . . . . . . . . . . . . . . . . . Robots Hopped 97 | . . . . 6 4 7 2 . 4 . . 1 . 1 15 2 4 2 . 5 13 13 11 4 3 Cave-ins Triggered . | . . . . . . . . . . . . . . . . . . . . . . . . . . Teleports 1 | . . . . . . . . . . . . . . . . . . . . . . . . 1 . Exploration Rate (%) 43 | 6 44 54 57 43 15 54 17 6 96 22 51 74 62 51 33 72 53 96 42 15 83 20 35 18 18 Regions Visited 25 Branch Regions 13 Pre-discovered Areas 4 | . . . . . . . . . . . . 1 3 . . . . . . . . . . . . Known Exits Taken 19 | . . 1 1 1 1 1 1 . . 1 1 1 1 1 1 1 1 1 1 1 1 1 . . . Unknown Exits Taken 4 | 1 1 . . . . . . . . . . . . . . . . . . . . . 1 1 . Scrap Searched 13 | . . . . . . . . . . . 3 3 . . . 4 2 . 1 . . . . . . Spaces Dug 5 | . . . . . . . . . 1 2 1 1 . . . . . . . . . . . . . Terrain Destroyed 234 | . . 17 30 . . 24 . . 1 2 79 55 . . 1 1 . . . . 11 . 13 . . Melee 5 | . . . . . . . . . 1 2 1 1 . . . . . . . . . . . . . Projectile 26 | . . . . . . . . . . . . . . . 1 1 . . . . 11 . 13 . . AOE 203 | . . 17 30 . . 24 . . . . 78 54 . . . . . . . . . . . . . Terrain Rammed . | . . . . . . . . . . . . . . . . . . . . . . . . . . Walls Destroyed . | . . . . . . . . . . . . . . . . . . . . . . . . . . Machines Disabled . | . . . . . . . . . . . . . . . . . . . . . . . . . . Actions | -11 -10 -9 -9 -8 -7 -7 -6 -5 -5 -5 -5 -5 -5 -4 -4 -4 -4 -4 -3 -3 -3 -2 -1 -1 -1 --------- Run | Yrd Mat Mat Min Mat Fac Sto Fac Fac Was Fac Upp Upp Zhi Pro Fac Upp Upp War Pro Res Qua Res Acc Com Ac0 Total 17461 | 107 313 996 203 407 702 375 761 293 1237 1126 545 882 332 396 1152 661 415 1602 314 369 938 930 1719 324 362 Wait 147 | . 1 75 . 4 . . . . . . . . . . . . . 31 . . . 33 3 . . Move 16510 | 87 294 760 187 371 652 333 708 288 1166 1116 534 863 314 383 1084 647 412 1555 314 355 889 863 1664 312 359 Hop 87 | . . . . 4 4 7 2 . 2 . . 1 . 1 13 2 3 2 . 5 12 12 10 4 3 Pick Up 83 | 6 2 24 1 4 6 5 3 . 6 1 1 1 6 2 8 1 . . . 1 2 . 2 1 . Fast Attach 90 | 1 2 3 . 5 3 3 1 1 7 4 . 5 2 . 11 . . 6 . 1 12 9 14 . . Attach 73 | 5 1 13 . 4 7 4 3 1 5 . 2 4 5 2 5 1 . . . 3 1 . 2 5 . Detach 20 | . 1 7 . 1 2 . 1 1 1 . . 1 2 . . . . . . 2 . . . 1 . Swap 26 | 1 . 6 1 1 2 5 2 . 2 . . . . . 4 . . . . 2 . . . . . Drop 109 | . 3 18 1 7 5 9 4 2 5 3 1 . 3 . 13 1 . 8 . . 9 6 10 1 . Fire 238 | 7 9 88 11 6 21 9 . . 42 . 6 4 . 1 14 9 . . . . 8 . 3 . . Melee 43 | . . . . . . . 10 . 1 2 1 3 . 7 . . . . . . 5 7 7 . . Ram . | . . . . . . . . . . . . . . . . . . . . . . . . . . Kick 4 | . . 2 2 . . . . . . . . . . . . . . . . . . . . . . Crush . | . . . . . . . . . . . . . . . . . . . . . . . . . . Escape Stasis 22 | . . . . . . . 18 . . . . . . . . . . . . . . . 4 . . Rewire 9 | . . . . . . . 9 . . . . . . . . . . . . . . . . . . Trap . | . . . . . . . . . . . . . . . . . . . . . . . . . . Miscellaneous . | . . . . . . . . . . . . . . . . . . . . . . . . . . Route ------- -11/Scrapyard -10/Materials (discovered 2 exits: *Mat x2) -9/Materials (discovered 3 exits: *Mat / *Min x2) -9/Mines (discovered 2 exits: *Mat / *Zio) -8/Materials -7/Factory -7/Storage -6/Factory -5/Factory -5/Waste -5/Factory -5/Upper Caves -5/Upper Caves -5/Zhirov -4/Proximity Caves -4/Factory -4/Upper Caves -4/Upper Caves -4/Warlord -3/Proximity Caves -3/Research -3/Quarantine -2/Research -1/Access -1/Command -1/Access_0 History --------- Turn | Location | Event 2 | -11/Scrapyard | Met Revision 17 79 | -11/Scrapyard | Discovered new exit (range 8) 122 | -11/Scrapyard | Entered Materials 317 | -10/Materials | Build established: Mutant 337 | -10/Materials | Discovered new exit (range 16) 550 | -10/Materials | Discovered new exit (range 16) 588 | -10/Materials | Entered another Materials area 588 | -9/Materials | Evolved 2 slots: Propulsion x1, Utility x1 674 | -9/Materials | Destroyed 8 combat bots 1078 | -9/Materials | Discovered new exit (range 16) 1251 | -9/Materials | Build established: Scavenger-Mutant 1413 | -9/Materials | Identified exit to Mines 1548 | -9/Materials | Identified exit to Materials 1676 | -9/Materials | Core integrity fell below 50% 1788 | -9/Materials | First assault squad dispatched 1967 | -9/Materials | Entered Mines 2011 | -9/Mines | Assembled infested the area 2016 | -9/Mines | Assisted by a Guerilla fighting off Assembled 2050 | -9/Mines | A weapon hastily lodged in a ceiling crevice suddenly fell to the ground 2101 | -9/Mines | A Derelict revealed a hidden shortcut to a safe place 2118 | -9/Mines | Identified exit to Zion 2177 | -9/Mines | Received a Rocket Launcher from a helpful Derelict 2201 | -9/Mines | Discovered exit to Materials (range 5) 2219 | -9/Mines | Entered Materials 2219 | -8/Materials | Evolved 2 slots: Propulsion x1, Utility x1 2379 | -8/Materials | Discovered new exit (range 16) 2390 | -8/Materials | Identified exit to Factory 2390 | -8/Materials | Entered Factory 2390 | -7/Factory | Evolved 2 slots: Utility x2 2535 | -7/Factory | Build established: Sprinter 2630 | -7/Factory | Discovered new exit (range 8) 2632 | -7/Factory | Identified exit to Storage 2668 | -7/Factory | Entered Storage 2728 | -7/Storage | Met a pair of Derelict thieves 2810 | -7/Storage | Discovered new exit (range 8) 2818 | -7/Storage | Identified exit to Factory 2818 | -7/Storage | Entered Factory 2818 | -6/Factory | Evolved 2 slots: Power x1, Propulsion x1 2958 | -6/Factory | Garrison activated, responded to threat 3056 | -6/Factory | Discovered new exit (range 6) 3067 | -6/Factory | Identified exit to Factory 3078 | -6/Factory | Entered another Factory area 3078 | -5/Factory | Evolved 2 slots: Propulsion x1, Utility x1 3115 | -5/Factory | Discovered new exit (range 11) 3160 | -5/Factory | Sucked down chute 3160 | -5/Factory | Entered Waste 3161 | -5/Waste | Met a frightened Derelict 3181 | -5/Waste | Spotted C-40 Crusher 3181 | -5/Waste | Spotted C-40 Crusher 3192 | -5/Waste | Spotted C-40 Crusher 3198 | -5/Waste | Spotted C-40 Crusher 3198 | -5/Waste | Spotted C-40 Crusher 3198 | -5/Waste | Spotted C-40 Crusher 3199 | -5/Waste | Crushed by Compactor (1 part destroyed, 1 dropped) 3257 | -5/Waste | Destroyed C-40 Crusher 3299 | -5/Waste | Destroyed C-40 Crusher 3333 | -5/Waste | Destroyed C-40 Crusher 3383 | -5/Waste | Warlord forces began an assault 3398 | -5/Waste | Allies destroyed C-40 Crusher 3446 | -5/Waste | Allies destroyed C-40 Crusher 3568 | -5/Waste | Discovered new exit (range 13) 3586 | -5/Waste | Identified exit to Factory 3591 | -5/Waste | Entered Factory 3591 | -5/Factory | Accompanied by 11 allies 3891 | -5/Factory | Discovered new exit (range 16) 3895 | -5/Factory | Identified exit to Upper Caves 3895 | -5/Factory | Entered Upper Caves 3943 | -5/Upper Caves | Attracted the attention of an 0b10 checkpoint 3952 | -5/Upper Caves | Encountered a Warlord checkpoint 3954 | -5/Upper Caves | Identified exit to Upper Caves 4054 | -5/Upper Caves | Entered another Upper Caves area 4189 | -5/Upper Caves | Lost 6 parts (3n2u1w) 4256 | -5/Upper Caves | Learned location of 1 exit from Proximity Caves 4300 | -5/Upper Caves | Discovered new exit (range 5) 4302 | -5/Upper Caves | Encountered a Warlord checkpoint 4302 | -5/Upper Caves | Identified exit to Zhirov 4320 | -5/Upper Caves | Entered Zhirov 4320 | -5/Zhirov | Discovered new exit (range 5) 4324 | -5/Zhirov | Met Zhirov 4333 | -5/Zhirov | Zhirov requested help retrieving the SGEMP Prototype 4337 | -5/Zhirov | Found Alien Artifact 4338 | -5/Zhirov | Identified Integrated Reactor 4338 | -5/Zhirov | Installed Integrated Reactor, increased core energy generation (+10) 4342 | -5/Zhirov | Found Alien Artifact 4379 | -5/Zhirov | Learned location of Quarantine (-3) 4379 | -5/Zhirov | Learned location of Testing (-2) 4379 | -5/Zhirov | Learned location of Command (-1) 4400 | -5/Zhirov | Identified exit to Proximity Caves 4400 | -5/Zhirov | Entered Proximity Caves 4401 | -4/Proximity Caves | Identified exit to Factory 4454 | -4/Proximity Caves | Spotted B-86 Titan 4500 | -4/Proximity Caves | Learned Research stockpile data 4501 | -4/Proximity Caves | Entered Factory 4501 | -4/Factory | Evolved 2 slots: Propulsion x1, Utility x1 4526 | -4/Factory | Identified Transdimensional Reconstructor 4569 | -4/Factory | Spotted B-86 Titan 4660 | -4/Factory | Garrison activated, responded to threat 4668 | -4/Factory | Garrison activated, responded to threat 4749 | -4/Factory | Spotted B-86 Titan 4751 | -4/Factory | Search patrols dispatched 4765 | -4/Factory | Discovered new exit (range 19) 4777 | -4/Factory | Identified exit to Upper Caves 4777 | -4/Factory | Entered Upper Caves 4869 | -4/Upper Caves | Attracted the attention of an 0b10 outpost 4890 | -4/Upper Caves | Encountered a Warlord checkpoint 4901 | -4/Upper Caves | Identified exit to Upper Caves 4926 | -4/Upper Caves | Entered another Upper Caves area 5004 | -4/Upper Caves | Attracted the attention of an 0b10 checkpoint 5004 | -4/Upper Caves | Discovered new exit (range 16) 5010 | -4/Upper Caves | Identified exit to Warlord 5010 | -4/Upper Caves | Entered Warlord 5022 | -4/Warlord | Discovered new exit (range 12) 5091 | -4/Warlord | Found Prototype Device 5091 | -4/Warlord | Identified Minesniffer Drone Bay 5156 | -4/Warlord | Visited the Vortex Lab 5159 | -4/Warlord | Found Prototype Energy Gun 5159 | -4/Warlord | Identified Vortex Shotgun 5164 | -4/Warlord | Warlord's base attacked by MAIN.C 5201 | -4/Warlord | Opened side exit 5253 | -4/Warlord | Met Warlord 5364 | -4/Warlord | Spotted B-90 Cyclops 5364 | -4/Warlord | Spotted B-86 Titan 5366 | -4/Warlord | Identified exit to Proximity Caves 5366 | -4/Warlord | Entered Proximity Caves 5392 | -3/Proximity Caves | Spotted B-86 Titan 5429 | -3/Proximity Caves | Discovered new exit (range 5) 5429 | -3/Proximity Caves | Identified exit to Research 5429 | -3/Proximity Caves | Entered Research 5429 | -3/Research | Evolved 2 slots: Propulsion x1, Utility x1 5514 | -3/Research | Discovered new exit (range 7) 5515 | -3/Research | Identified exit to Quarantine 5515 | -3/Research | Entered Quarantine 5537 | -3/Quarantine | Found Alien Artifact 5537 | -3/Quarantine | Identified Phase Armor 5545 | -3/Quarantine | Lost 6 parts (2n4u) 5557 | -3/Quarantine | Found Alien Artifact 5557 | -3/Quarantine | Identified Phase Redirector 5577 | -3/Quarantine | Found Alien Energy Cannon 5577 | -3/Quarantine | Identified Core Cannon 5610 | -3/Quarantine | Found Alien Slashing Weapon 5610 | -3/Quarantine | Identified Sigix Broadsword 5688 | -3/Quarantine | Found Alien Artifact 5688 | -3/Quarantine | Identified Subatomic Replicator 5701 | -3/Quarantine | Found Alien Artifact 5701 | -3/Quarantine | Identified Terrabomb 5701 | -3/Quarantine | Used Terrabomb 5754 | -3/Quarantine | Discovered new exit (range 12) 5758 | -3/Quarantine | Identified exit to Research 5762 | -3/Quarantine | Entered Research 5762 | -2/Research | Warlord forces began assault on 0b10 5762 | -2/Research | Evolved 2 slots: Power x1, Propulsion x1 5778 | -2/Research | Discovered new exit (range 14) 5872 | -2/Research | Research machine network offline 5882 | -2/Research | Spotted B-90 Cyclops 5981 | -2/Research | Identified exit to Access 5981 | -2/Research | Entered Access 5981 | -1/Access | Evolved 2 slots: Power x1, Propulsion x1 6082 | -1/Access | Spotted B-99 Colossus 6095 | -1/Access | Garrison activated, responded to threat 6219 | -1/Access | Spotted B-99 Colossus 6231 | -1/Access | Search patrols dispatched 6250 | -1/Access | Lost 3 parts (1n2u) 6253 | -1/Access | Found Prototype Device 6253 | -1/Access | Identified Exp. ECM Suite 6267 | -1/Access | Spotted B-99 Colossus 6267 | -1/Access | Spotted B-99 Colossus 6274 | -1/Access | Build established: Generator-Sprinter 6277 | -1/Access | Discovered new exit (range 3) 6277 | -1/Access | Entered Command 6314 | -1/Command | Spotted M Guard 6314 | -1/Command | Spotted M Guard 6314 | -1/Command | Spotted Combat Programmer 6314 | -1/Command | Spotted Combat Programmer 6318 | -1/Command | Met MAIN.C 6323 | -1/Command | Used Subatomic Replicator to create Alien Artifact 6325 | -1/Command | Identified Supercharged TR 6325 | -1/Command | Warped through subspace to slip node 6325 | -1/Command | Discovered new exit (range 3) 6327 | -1/Command | Entered Access_0 6328 | -1/Access_0 | Met Architect 6351 | -1/Access_0 | Core integrity fell below 50% 6393 | -1/Access_0 | A6 warped into view 6408 | -1/Access_0 | Lost 14 parts (4p6n3u1w) 6422 | -1/Access_0 | Core integrity fell below 20% 6430 | -1/Access_0 | Destroyed by Enhanced Hunter with Hypervelocity Linear Accelerator Last Messages --------------- Penetrated by Quantum Shear. System corrupted: Electron Diverter rejected. HV Slug penetrates Wall. Penetrated by HV Slug. HV Slug penetrates Workstation. Penetrated by Quantum Shear. Quantum Shear penetrates Wall. HV Slug penetrates Wall. Penetrated by HV Slug. HV Slug penetrates Workstation. Quantum Shear penetrates Wall. A6 follow-up attacks with Enh. Force Lance. Critical hit (Impale). Penetrated by HV Slug. Acquired 5 matter. Quantum Shear penetrates Wall. Penetrated by HV Slug. [Achievement: 5k Club] [Achievement: 10k Club] [Achievement: 20k Club] Map ----- +----------------------------------------------------+ | ?????????????????????????????????????????????????? | | ?????????????????????????????????????????????????? | | ?????????????????????????????????????????????????? | | ?????????????????????????????????????????????????? | | ?????????????????????????????????????????????????? | | ?????????????????????????????????????????????????? | | ?????????????????????????????????????????????????? | | ??????????????????????????????????????????#??????? | | ????????????????????????????????????????? ??#???? | | ????????????????????????????????????? ? ## ???? | | ???????????????????????????????????? ?? ???? | | ???????????????????????????????????? ?# ???? | | ???????????????????????????????????? ## ???? | | ????????????????????????????????????? ???? | | ?????????????????????????????????????? ##?? | | ???????????????????????????????????????? #?? | | ?????????????????????????????????????????# ### | | ?????????????????????????????????????????# # | | ?????????????????????????????????????????? # | | ??????????????????###???????????????????????# # | | ??????????????????# ##?"""""#??????????????# | | ??????????????????# #" p ##??############ | | ??????????????????###;;;;= ;#??# | | ??????????????????# #% 0 # #; h | | ??????????????????# ;; ; ;; "; ### ## | | ????????????????### ;; @ ;;# ##"##?## #### | | ????????????????# % #; h p ## ???# #??## | | ??????????????#; ## ??# ???# | | ??????????????## % ## #" ?" #??# | | ????????????# ### # ## #??# | | ????????????# ;;# #### #?## #"## ### ##??# | | ????????????# ####???## #??# ?? ?? #???# | | ????????????# ?????????## ##??? ? ?? ????# | | ????????????# ???????????## #????#### #?#???? | | ????????????# ?????????????# #????????? #???????# | | ???????????? ??????????????# #??????????#???????# | | ???????????#???????????????# #??????????????????? | | ???????????????????????????# #??????????????????? | | ???????????????????????????# #??????????????????? | | ???????????????????????????# #??????????????????? | | ???????????????????????????# #??????????????????? | | ???????????????????????????# ???????????????????? | | ???????????????????????????? ???????????????????? | | ?????????????????????????????????????????????????? | | ?????????????????????????????????????????????????? | | ?????????????????????????????????????????????????? | | ?????????????????????????????????????????????????? | | ?????????????????????????????????????????????????? | | ?????????????????????????????????????????????????? | | ?????????????????????????????????????????????????? | +----------------------------------------------------+ Best States ------------- Heat Dissipation 142 Energy Generation 100 Energy Capacity 410 Matter Stores 321 Matter Capacity 350 Sight Range 20 Robot Scan Range 18 Terrain Scan Range 24 Terrain Scan Density 10 ECM Strength 4 Jamming Range 16 Power Amplification 30 Additional Mass Support 9 Base Temperature (-) 200 Armor Coverage 225 Resistance: KI 25 Power Shielding 90 Propulsion Shielding 66 Phase Shifting 10 Evasion (%) 88 Targeting Accuracy 16 Defensive Hacking 10 Item Schematics ----------------- Assault Drone Bay | -5/Zhirov | Free Exp. Heat Sink | -5/Zhirov | Free Exp. Optical Array | -5/Zhirov | Free Imp. Arc Thrower | -5/Zhirov | Free Robot Schematics ------------------ None Fabricated ------------ Nothing Alien Tech Used ----------------- Integrated Reactor Phase Armor Phase Redirector Core Cannon Sigix Broadsword Subatomic Replicator Terrabomb Supercharged TR Achievements -------------- 10k Club 20k Club 5k Club A Powerful Ally? Adventurer Alien Tech Armchair Analyst Behind The Curtain Can't Catch Me Cya! Dangerous Findings Denied? Dodgeball, But With Guns Everything Is Under Control Explorer I Spy I'm Back, Baby! It's Just You Knowing Is Half The Battle Librarian Loot Pinata Made in Tau Ceti IV Meet Your Maker More Power To You No Signal One Hack Too Far Ooh, Shiny! Oops Please Form A Line Respectable Loadout Rockin' Loadout Safety First Serviceable Loadout Shopping List Significant Disruption Slippery One Speed Demon Storm Trooper Subspace Traveler Supersonic The More The Merrier The Science Guy Total Silence Troublemaker Whoosh! Challenges ------------ None Game ------ Seed NeutronVariableDoublenader Manual? 0 Play Time 05:09:16 Cumulative 6.4 hours Start 2024.03.31 @ 00:11:10 End 2024.03.31 @ 14:18:45 Sessions 3 Manual Loads 0 Difficulty Rogue Special Mode None Game No. 2 Rogue 2 Adventurer 0 Explorer 0 Win Type - Total 0 Types 0/0/0/0/0/0/0/0/0 Lore% 14 Gallery% 11 Achievement% 21 Wizard Run 0 Options --------- Layout 1 ASCII 0 Keyboard 0 Movement Arrows Keybinds 0 Fullscreen 0 Font 20/SmallcapsGlow Map View 50x35 Zoom Use 0% Tactical HUD 0 Map Filters NONE Filters NONE Steam 1 RUN: 0b8cbbae-189e-4ed2-a363-03b9227979f6